Flyers vs Canucks

Created - 9 janvier 2018 at 17:35

Goals
1 2 3 T
Flyers 1 1 0 2
Canucks 2 1 1 4
Shots
1 2 3 T
Flyers 11 10 8 29
Canucks 9 10 8 27

1st period

1. Canucks , Evander Kane 19 (Ryan Strome 11, Brayden Point 4) at 0:55
2. Canucks , Erik Karlsson 11 (Logan Shaw 4, Alex Pietrangelo 29) at 5:22 (SH)
3. Flyers , Calle Jarnkrok 12 (Joel Ward 13) at 14:26

Penalties :
Alex Petrovic (VAN) for Hooking (Minor) at 4:40

2nd period

4. Flyers , Ben Hutton 2 (Andre Burakovsky 13, Troy Stecher 7) at 4:45
5. Canucks , Alex Pietrangelo 9 (Erik Karlsson 24, Evgeny Kuznetsov 23) at 13:11 (PP)

Penalties :
Jonathan Ericsson (PHI) for Tripping (Minor) at 11:59, Alexander Killorn (PHI) for Roughing (Minor) at 14:39, Damon Severson (PHI) for Roughing (Minor) at 17:52

3rd period

6. Canucks , Evander Kane 20 (Ryan Strome 12, Nathan Beaulieu 9) at 16:30

Penalties :
No Penalty

Goalie Stats

Chad Johnson (PHI), 23 saves from 27 shots - (0.852), L, 2-8-0, 60:00 minutes
Devan Dubnyk (VAN), 27 saves from 29 shots - (0.931), W, 17-13-7, 60:00 minutes

Players Stats for Flyers

Player Name              G  A  P  +/- PIM S  H  SB GA TA FO     MP     PP MP  PK MP  
------------------------------------------------------------------------------------
Alexander Killorn        0  0  0   0  2   3  4  1  0  0  10/24  16:11   0:00   0:55 
Andre Burakovsky         0  1  1   0  0   4  0  0  0  0  1/3    17:38   1:13   0:09 
Andrew MacDonald         0  0  0   1  0   0  0  4  0  0  0/0    21:29   0:46   2:35 
Ben Hutton               1  0  1  -1  0   2  0  0  0  0  0/0    19:21   0:00   2:26 
Bo Horvat                0  0  0   0  0   3  1  0  0  0  16/28  20:52   0:46   0:00 
Calle Jarnkrok           1  0  1  -2  0   2  0  0  0  0  0/2    17:46   1:13   1:43 
Casey Cizikas            0  0  0  -1  0   1  2  1  0  0  8/15   17:46   0:00   3:11 
Damon Severson           0  0  0  -1  2   0  2  3  0  0  0/0    19:20   1:13   0:12 
Joel Ward                0  1  1  -1  0   3  0  0  0  0  1/1    16:11   0:00   1:36 
Jonathan Ericsson        0  0  0   0  2   2  6  2  0  0  0/0    20:52   0:46   2:19 
Jori Lehtera             0  0  0   0  0   0  0  0  0  0  0/1     0:29   0:00   0:00 
Josh Ho-Sang             0  0  0  -1  0   1  0  0  0  0  0/1    15:55   1:13   0:00 
Kyle Brodziak            0  0  0   1  0   1  0  0  0  0  2/4    10:33   0:00   2:46 
Matt Benning             0  0  0   1  0   1  7  0  0  0  0/0    20:20   0:00   2:12 
Ryan White               0  0  0   1  0   1  1  0  0  0  0/0     7:48   0:00   0:00 
Scott Hartnell           0  0  0   0  0   2  4  0  0  0  0/0    16:32   0:46   0:00 
Thomas Vanek             0  0  0   0  0   2  0  0  0  0  0/2    17:08   0:46   0:00 
Troy Stecher             0  1  1  -2  0   1  0  1  0  0  0/0    18:36   1:13   0:36 

Players Stats for Canucks

Player Name              G  A  P  +/- PIM S  H  SB GA TA FO     MP     PP MP  PK MP  
------------------------------------------------------------------------------------
Adam Henrique            0  0  0   0  0   2  0  0  0  0  13/21  18:33   2:56   1:00 
Alex Petrovic            0  0  0   2  2   0  0  1  0  0  0/0    13:48   0:00   0:00 
Alex Pietrangelo         1  1  2   1  0   4  0  1  0  0  0/0    24:11   2:01   0:52 
Brayden Point            0  1  1   1  0   0  0  0  0  0  5/13   12:32   0:00   0:00 
Chris Kreider            0  0  0   0  0   0  3  0  0  0  1/1    17:33   2:56   0:00 
Cody Ceci                0  0  0  -2  0   0  6  0  0  0  0/0    22:00   3:09   1:07 
Erik Karlsson            1  1  2   1  0   4  0  0  0  0  0/0    24:11   2:01   0:52 
Evander Kane             2  0  2   1  0   2  3  0  0  0  1/1    13:32   0:00   1:00 
Evgeny Kuznetsov         0  1  1   0  0   2  2  0  0  0  15/27  20:22   2:14   0:00 
Jonathan Marchessault    0  0  0   0  0   3  2  0  0  0  0/1    17:33   2:56   0:00 
Logan Shaw               0  1  1   0  0   1  1  0  0  0  0/0     8:33   0:00   0:59 
Marcus Kruger            0  0  0   0  0   0  1  0  0  0  6/13    8:33   0:00   0:59 
Matt Duchene             0  0  0   0  0   3  0  0  0  0  1/1    20:22   2:14   0:00 
Mattias Ekholm           0  0  0  -2  0   3  0  1  0  0  0/0    22:00   3:09   1:07 
Nathan Beaulieu          0  1  1   2  0   0  1  0  0  0  0/0    13:49   0:00   0:00 
Patrick Marleau          0  0  0   0  0   1  1  0  0  0  1/1    20:22   2:14   0:00 
Robby Fabbri             0  0  0  -1  0   2  0  0  0  0  0/0     7:34   0:00   0:00 
Ryan Strome              0  2  2   1  0   0  0  0  0  0  0/2    12:32   0:00   0:00 

3 Stars

1 - Evander Kane (VAN)
2 - Alex Pietrangelo (VAN)
3 - Erik Karlsson (VAN)

Power Play

Flyers - 0 on 1 Attempt(s) - 0.00%
Canucks - 1 on 3 Attempt(s) - 33.33%

Penalty Kill

Flyers - 2 on 3 Attempt(s) - 66.67% - Score 0 goal in Penalty Kill
Canucks - 1 on 1 Attempt(s) - 100.00% - Score 1 goal in Penalty Kill

Team Stat

Flyers - Hits : 27 - Faceoff Wins : 38 - Blocked Shots : 12 - Penalty Minutes : 6
Canucks - Hits : 20 - Faceoff Wins : 43 - Blocked Shots : 3 - Penalty Minutes : 2

Official

Referees : TJ Luxmore and Dennis LaRue
Linesman : David Brisebois and Lonnie Cameron

Game Notes

Jori Lehtera is injured at 3:33 of 1st period (Bruised Right Leg)

Finance

Level 1 -- Attendance: 6500 (100.00%) -- Ticket Income 585 000 $
Level 2 -- Attendance: 4793 (95.86%) -- Ticket Income 335 510 $
Level 3 -- Attendance: 3415 (97.57%) -- Ticket Income 160 505 $
Level 4 -- Attendance: 2651 (91.10%) -- Ticket Income 66 275 $
Luxury Box -- Attendance: 758 (75.80%) -- Ticket Income 189 500 $
Game was played at the Rogers Arena.
Total Attendance: 18117 (95.81%)
Total Ticket Income: 1 336 790 $
Other Income: 200 518 $
Total Income: 1 537 308 $

% Time on Ice - Flyers

Lines # - Real PCT - Wanted PCT - Time Play
Normal Forward
1 - 30% - 35% - 15:46
2 - 28% - 30% - 14:42
3 - 28% - 23% - 14:35
4 - 15% - 12% - 7:48
Normal Defense
1 - 34% - 42% - 17:56
2 - 34% - 34% - 18:08
3 - 32% - 24% - 16:47
4 - 0% - 0% - 0:00
PP Forward
1 - 39% - 60% - 0:46
2 - 61% - 40% - 1:13
PP Defense
1 - 61% - 60% - 1:13
2 - 39% - 40% - 0:46
PK Forward
1 - 69% - 60% - 3:34
2 - 31% - 40% - 1:36
PK Defense
1 - 56% - 50% - 2:55
2 - 44% - 50% - 2:15
PK3 Forward
1 - 0% - 60%
2 - 0% - 40%
PK3 Defense
1 - 0% - 60%
2 - 0% - 40%
44 Forward
1 - 0% - 60%
2 - 0% - 40%
44 Defense
1 - 0% - 60%
2 - 0% - 40%
Last Minute Offensive  - 0:00
Last Minute Defensive  - 0:00
Total
Forward - 60:00
Defense - 60:00

% Time on Ice - Canucks

Lines # - Real PCT - Wanted PCT - Time Play
Normal Forward
1 - 34% - 37% - 18:08
2 - 28% - 32% - 14:37
3 - 24% - 20% - 12:32
4 - 14% - 11% - 7:34
Normal Defense
1 - 40% - 40% - 21:18
2 - 34% - 35% - 17:44
3 - 26% - 25% - 13:49
4 - 0% - 0% - 0:00
PP Forward
1 - 43% - 60% - 2:14
2 - 57% - 40% - 2:56
PP Defense
1 - 39% - 60% - 2:01
2 - 61% - 40% - 3:09
PK Forward
1 - 50% - 60% - 1:00
2 - 50% - 40% - 0:59
PK Defense
1 - 44% - 60% - 0:52
2 - 56% - 40% - 1:07
PK3 Forward
1 - 0% - 60%
2 - 0% - 40%
PK3 Defense
1 - 0% - 60%
2 - 0% - 40%
44 Forward
1 - 0% - 60%
2 - 0% - 40%
44 Defense
1 - 0% - 60%
2 - 0% - 40%
Last Minute Offensive  - 0:00
Last Minute Defensive  - 0:00
Total
Forward - 60:00
Defense - 60:00

Play by Play

1st period


0:01 of 1st period - Bo Horvat wins face-off versus Evgeny Kuznetsov in neutral zone.
0:12 of 1st period - Shot by Scott Hartnell.
0:12 of 1st period - Stopped by Devan Dubnyk without a rebound.
0:13 of 1st period - Alexander Killorn wins face-off versus Adam Henrique in Canucks zone.
0:20 of 1st period - Shot by Alexander Killorn.
0:20 of 1st period - Shot Misses the Net.
0:43 of 1st period - Shot by Mattias Ekholm.
0:43 of 1st period - Stopped by Chad Johnson without a rebound.
0:44 of 1st period - Casey Cizikas wins face-off versus Brayden Point in Flyers zone.
0:55 of 1st period - Shot by Evander Kane.
0:55 of 1st period - Goal by Evander Kane - Flyers : 0 - Canucks : 1.
0:56 of 1st period - Evgeny Kuznetsov wins face-off versus Jori Lehtera in neutral zone.
0:56 of 1st period - Evgeny Kuznetsov is hit by Ryan White.
1:08 of 1st period - Icing by Patrick Marleau.
1:09 of 1st period - Evgeny Kuznetsov wins face-off versus Bo Horvat in Canucks zone.
1:14 of 1st period - Shot by Patrick Marleau.
1:14 of 1st period - Stopped by Chad Johnson without a rebound.
1:15 of 1st period - Bo Horvat wins face-off versus Marcus Kruger in Flyers zone.
1:22 of 1st period - Shot by Logan Shaw.
1:22 of 1st period - Stopped by Chad Johnson with a rebound.
1:47 of 1st period - Alex Petrovic is hit by Jonathan Ericsson and loses puck.
2:07 of 1st period - Icing by Alex Petrovic.
2:08 of 1st period - Alexander Killorn wins face-off versus Marcus Kruger in Canucks zone.
2:31 of 1st period - Icing by Evgeny Kuznetsov.
2:32 of 1st period - Casey Cizikas wins face-off versus Evgeny Kuznetsov in Canucks zone.
2:35 of 1st period - Shot by Calle Jarnkrok.
2:35 of 1st period - Shot Misses the Net.
3:08 of 1st period - Shot by Patrick Marleau.
3:08 of 1st period - Shot Misses the Net.
3:32 of 1st period - Jori Lehtera is hit by Cody Ceci and loses puck.
3:33 of 1st period - Jori Lehtera from Flyers is injured at 3:33 of 1st period (Bruised Right Leg).
3:34 of 1st period - Adam Henrique wins face-off versus Bo Horvat in Canucks zone.
3:34 of 1st period - Jonathan Marchessault is hit by Scott Hartnell.
4:10 of 1st period - Icing by Andrew MacDonald.
4:11 of 1st period - Bo Horvat wins face-off versus Brayden Point in Flyers zone.
4:11 of 1st period - Thomas Vanek is hit by Evander Kane and loses puck.
4:36 of 1st period - Nathan Beaulieu is hit by Alexander Killorn and loses puck.
4:40 of 1st period - Minor Penalty to Alex Petrovic for Hooking.
4:41 of 1st period - Adam Henrique wins face-off versus Calle Jarnkrok in Canucks zone.
5:20 of 1st period - Shot by Logan Shaw.
5:20 of 1st period - Shot Misses the Net.
5:22 of 1st period - Shot by Erik Karlsson.
5:22 of 1st period - Goal by Erik Karlsson - Flyers : 0 - Canucks : 2.
5:23 of 1st period - Bo Horvat wins face-off versus Adam Henrique in neutral zone.
5:23 of 1st period - Scott Hartnell is hit by Evander Kane and loses puck.
5:48 of 1st period - Icing by Jonathan Ericsson.
5:49 of 1st period - Bo Horvat wins face-off versus Marcus Kruger in Flyers zone.
6:46 of 1st period - Shot by Troy Stecher.
6:46 of 1st period - Stopped by Devan Dubnyk without a rebound.
6:47 of 1st period - Bo Horvat wins face-off versus Evgeny Kuznetsov in Canucks zone.
7:08 of 1st period - Shot by Bo Horvat.
7:08 of 1st period - Stopped by Devan Dubnyk without a rebound.
7:09 of 1st period - Casey Cizikas wins face-off versus Adam Henrique in Canucks zone.
7:20 of 1st period - Shot by Joel Ward.
7:20 of 1st period - Stopped by Devan Dubnyk without a rebound.
7:21 of 1st period - Bo Horvat wins face-off versus Ryan Strome in Canucks zone.
7:23 of 1st period - Scott Hartnell is hit by Cody Ceci and loses puck.
7:43 of 1st period - Icing by Cody Ceci.
7:44 of 1st period - Casey Cizikas wins face-off versus Brayden Point in Canucks zone.
7:45 of 1st period - Shot by Joel Ward.
7:45 of 1st period - Deflect By Calle Jarnkrok.
7:45 of 1st period - Stopped by Devan Dubnyk with a rebound.
9:07 of 1st period - Ben Hutton is hit by Evgeny Kuznetsov and loses puck.
9:11 of 1st period - Ben Hutton is hit by Nathan Beaulieu.
9:31 of 1st period - Shot by Andre Burakovsky.
9:31 of 1st period - Stopped by Devan Dubnyk without a rebound.
9:32 of 1st period - Marcus Kruger wins face-off versus Bo Horvat in Canucks zone.
9:55 of 1st period - Shot by Robby Fabbri.
9:55 of 1st period - Shot Misses the Net.
10:06 of 1st period - Marcus Kruger is hit by Matt Benning and loses puck.
10:24 of 1st period - Evander Kane is hit by Matt Benning and loses puck.
11:03 of 1st period - Icing by Andrew MacDonald.
11:04 of 1st period - Bo Horvat wins face-off versus Evgeny Kuznetsov in Flyers zone.
11:34 of 1st period - Nathan Beaulieu is hit by Jonathan Ericsson and loses puck.
12:24 of 1st period - Icing by Cody Ceci.
12:25 of 1st period - Adam Henrique wins face-off versus Alexander Killorn in Canucks zone.
12:33 of 1st period - Kyle Brodziak is hit by Chris Kreider and loses puck.
13:22 of 1st period - Off-side.
13:23 of 1st period - Evgeny Kuznetsov wins face-off versus Casey Cizikas in neutral zone.
13:36 of 1st period - Off-side.
13:37 of 1st period - Marcus Kruger wins face-off versus Bo Horvat in neutral zone.
14:22 of 1st period - Calle Jarnkrok is hit by Logan Shaw.
14:26 of 1st period - Shot by Calle Jarnkrok.
14:26 of 1st period - Goal by Calle Jarnkrok - Flyers : 1 - Canucks : 2.
14:27 of 1st period - Evgeny Kuznetsov wins face-off versus Thomas Vanek in neutral zone.
15:07 of 1st period - Patrick Marleau is hit by Matt Benning and loses puck.
15:44 of 1st period - Shot by Adam Henrique.
15:44 of 1st period - Stopped by Chad Johnson with a rebound.
15:46 of 1st period - Shot by Jonathan Marchessault.
15:46 of 1st period - Stopped by Chad Johnson without a rebound.
15:47 of 1st period - Evander Kane wins face-off versus Alexander Killorn in Flyers zone.
15:58 of 1st period - Shot by Alexander Killorn.
15:58 of 1st period - Shot Misses the Net.
16:00 of 1st period - Shot by Ben Hutton.
16:00 of 1st period - Stopped by Devan Dubnyk without a rebound.
16:01 of 1st period - Bo Horvat wins face-off versus Marcus Kruger in Canucks zone.
16:24 of 1st period - Shot by Thomas Vanek.
16:24 of 1st period - Stopped by Devan Dubnyk without a rebound.
16:25 of 1st period - Evgeny Kuznetsov wins face-off versus Alexander Killorn in Canucks zone.
17:00 of 1st period - Shot by Matt Duchene.
17:00 of 1st period - Stopped by Chad Johnson without a rebound.
17:01 of 1st period - Adam Henrique wins face-off versus Bo Horvat in Flyers zone.
17:12 of 1st period - Adam Henrique is hit by Scott Hartnell.
17:20 of 1st period - Shot by Jonathan Marchessault.
17:20 of 1st period - Deflect By Chris Kreider.
17:20 of 1st period - Shot Blocked by Troy Stecher.
17:26 of 1st period - Thomas Vanek is hit by Chris Kreider and loses puck.
18:37 of 1st period - Casey Cizikas is hit by Cody Ceci and loses puck.
19:19 of 1st period - Shot by Josh Ho-Sang.
19:19 of 1st period - Shot Misses the Net.
19:21 of 1st period - Shot by Jonathan Ericsson.
19:21 of 1st period - Stopped by Devan Dubnyk without a rebound.
19:22 of 1st period - Alexander Killorn wins face-off versus Marcus Kruger in Canucks zone.
19:25 of 1st period - Shot by Kyle Brodziak.
19:25 of 1st period - Stopped by Devan Dubnyk without a rebound.
19:26 of 1st period - Bo Horvat wins face-off versus Adam Henrique in Canucks zone.
19:59 of 1st period - Shot by Jonathan Marchessault.
19:59 of 1st period - Stopped by Chad Johnson without a rebound.
Goals for this period are 1 for Flyers vs 2 for Canucks.
Shots for this period are 11 for Flyers vs 9 for Canucks.

2nd period


0:01 of 2nd period - Alexander Killorn wins face-off versus Evgeny Kuznetsov in neutral zone.
0:19 of 2nd period - Shot by Evgeny Kuznetsov.
0:19 of 2nd period - Shot Blocked by Damon Severson.
0:21 of 2nd period - Shot by Alex Pietrangelo.
0:21 of 2nd period - Shot Misses the Net.
1:12 of 2nd period - Scott Hartnell is hit by Cody Ceci and loses puck.
1:22 of 2nd period - Icing by Mattias Ekholm.
1:23 of 2nd period - Adam Henrique wins face-off versus Casey Cizikas in Canucks zone.
1:32 of 2nd period - Shot by Calle Jarnkrok.
1:32 of 2nd period - Shot Misses the Net.
1:40 of 2nd period - Shot by Jonathan Marchessault.
1:40 of 2nd period - Stopped by Chad Johnson without a rebound.
1:41 of 2nd period - Brayden Point wins face-off versus Bo Horvat in Flyers zone.
1:41 of 2nd period - Nathan Beaulieu is hit by Jonathan Ericsson and loses puck.
1:56 of 2nd period - Shot by Bo Horvat.
1:56 of 2nd period - Shot Misses the Net.
1:58 of 2nd period - Shot by Ryan White.
1:58 of 2nd period - Stopped by Devan Dubnyk without a rebound.
1:59 of 2nd period - Marcus Kruger wins face-off versus Josh Ho-Sang in Canucks zone.
3:43 of 2nd period - Icing by Andrew MacDonald.
3:44 of 2nd period - Bo Horvat wins face-off versus Adam Henrique in Flyers zone.
3:58 of 2nd period - Jonathan Marchessault is hit by Matt Benning and loses puck.
4:01 of 2nd period - Shot by Adam Henrique.
4:01 of 2nd period - Shot Blocked by Andrew MacDonald.
4:03 of 2nd period - Shot by Adam Henrique.
4:03 of 2nd period - Deflect By Chris Kreider.
4:03 of 2nd period - Shot Misses the Net.
4:17 of 2nd period - Shot by Adam Henrique.
4:17 of 2nd period - Shot Misses the Net.
4:45 of 2nd period - Shot by Ben Hutton.
4:45 of 2nd period - Goal by Ben Hutton - Flyers : 2 - Canucks : 2.
4:46 of 2nd period - Casey Cizikas wins face-off versus Evgeny Kuznetsov in neutral zone.
4:53 of 2nd period - Shot by Joel Ward.
4:53 of 2nd period - Stopped by Devan Dubnyk without a rebound.
4:54 of 2nd period - Evgeny Kuznetsov wins face-off versus Andre Burakovsky in Canucks zone.
4:58 of 2nd period - Off-side.
4:59 of 2nd period - Evgeny Kuznetsov wins face-off versus Alexander Killorn in neutral zone.
5:01 of 2nd period - Off-side.
5:02 of 2nd period - Evgeny Kuznetsov wins face-off versus Alexander Killorn in neutral zone.
5:34 of 2nd period - Matt Duchene is hit by Damon Severson and loses puck.
7:09 of 2nd period - Off-side.
7:10 of 2nd period - Marcus Kruger wins face-off versus Andre Burakovsky in neutral zone.
7:26 of 2nd period - Robby Fabbri is hit by Damon Severson and loses puck.
8:05 of 2nd period - Shot by Matt Duchene.
8:05 of 2nd period - Shot Misses the Net.
8:07 of 2nd period - Shot by Matt Duchene.
8:07 of 2nd period - Shot Blocked by Damon Severson.
8:09 of 2nd period - Shot by Erik Karlsson.
8:09 of 2nd period - Stopped by Chad Johnson with a rebound.
8:11 of 2nd period - Shot by Alex Pietrangelo.
8:11 of 2nd period - Stopped by Chad Johnson without a rebound.
8:12 of 2nd period - Adam Henrique wins face-off versus Casey Cizikas in Flyers zone.
8:20 of 2nd period - Jonathan Marchessault is hit by Matt Benning and loses puck.
8:39 of 2nd period - Shot by Casey Cizikas.
8:39 of 2nd period - Stopped by Devan Dubnyk without a rebound.
8:40 of 2nd period - Evgeny Kuznetsov wins face-off versus Bo Horvat in Canucks zone.
8:57 of 2nd period - Shot by Scott Hartnell.
8:57 of 2nd period - Shot Misses the Net.
8:59 of 2nd period - Shot by Bo Horvat.
8:59 of 2nd period - Shot Misses the Net.
9:01 of 2nd period - Shot by Troy Stecher.
9:01 of 2nd period - Shot Misses the Net.
9:03 of 2nd period - Shot by Thomas Vanek.
9:03 of 2nd period - Stopped by Devan Dubnyk without a rebound.
9:04 of 2nd period - Brayden Point wins face-off versus Casey Cizikas in Canucks zone.
9:04 of 2nd period - Brayden Point is hit by Casey Cizikas.
9:10 of 2nd period - Shot by Joel Ward.
9:10 of 2nd period - Stopped by Devan Dubnyk without a rebound.
9:11 of 2nd period - Joel Ward wins face-off versus Adam Henrique in Canucks zone.
9:11 of 2nd period - Joel Ward is hit by Cody Ceci.
10:01 of 2nd period - Erik Karlsson is hit by Casey Cizikas and loses puck.
10:08 of 2nd period - Shot by Evgeny Kuznetsov.
10:08 of 2nd period - Shot Hit the Post.
10:10 of 2nd period - Shot by Erik Karlsson.
10:10 of 2nd period - Stopped by Chad Johnson without a rebound.
10:11 of 2nd period - Brayden Point wins face-off versus Bo Horvat in Flyers zone.
10:24 of 2nd period - Shot by Ryan Strome.
10:24 of 2nd period - Shot Blocked by Jonathan Ericsson.
11:05 of 2nd period - Off-side.
11:06 of 2nd period - Andre Burakovsky wins face-off versus Evgeny Kuznetsov in neutral zone.
11:19 of 2nd period - Shot by Andre Burakovsky.
11:19 of 2nd period - Stopped by Devan Dubnyk without a rebound.
11:20 of 2nd period - Chris Kreider wins face-off versus Alexander Killorn in Canucks zone.
11:37 of 2nd period - Shot by Josh Ho-Sang.
11:37 of 2nd period - Stopped by Devan Dubnyk without a rebound.
11:38 of 2nd period - Evgeny Kuznetsov wins face-off versus Bo Horvat in Canucks zone.
11:38 of 2nd period - Alex Pietrangelo is hit by Bo Horvat and loses puck.
11:58 of 2nd period - Shot by Erik Karlsson.
11:58 of 2nd period - Stopped by Chad Johnson with a rebound.
11:59 of 2nd period - Minor Penalty to Jonathan Ericsson for Tripping.
12:00 of 2nd period - Adam Henrique wins face-off versus Kyle Brodziak in Flyers zone.
12:02 of 2nd period - Chris Kreider is hit by Matt Benning and loses puck.
12:25 of 2nd period - Shot by Jonathan Marchessault.
12:25 of 2nd period - Shot Misses the Net.
12:27 of 2nd period - Shot by Cody Ceci.
12:27 of 2nd period - Deflect By Jonathan Marchessault.
12:27 of 2nd period - Shot Misses the Net.
13:07 of 2nd period - Shot by Erik Karlsson.
13:07 of 2nd period - Shot Misses the Net.
13:09 of 2nd period - Shot by Erik Karlsson.
13:09 of 2nd period - Shot Misses the Net.
13:11 of 2nd period - Shot by Alex Pietrangelo.
13:11 of 2nd period - Goal by Alex Pietrangelo - Flyers : 2 - Canucks : 3.
13:12 of 2nd period - Bo Horvat wins face-off versus Brayden Point in neutral zone.
13:26 of 2nd period - Off-side.
13:27 of 2nd period - Alexander Killorn wins face-off versus Marcus Kruger in neutral zone.
13:38 of 2nd period - Shot by Andre Burakovsky.
13:38 of 2nd period - Shot Misses the Net.
13:44 of 2nd period - Shot by Andre Burakovsky.
13:44 of 2nd period - Shot Blocked by Alex Pietrangelo.
13:46 of 2nd period - Shot by Alexander Killorn.
13:46 of 2nd period - Stopped by Devan Dubnyk with a rebound.
13:48 of 2nd period - Shot by Jonathan Ericsson.
13:48 of 2nd period - Stopped by Devan Dubnyk without a rebound.
13:49 of 2nd period - Evgeny Kuznetsov wins face-off versus Thomas Vanek in Canucks zone.
13:55 of 2nd period - Patrick Marleau is hit by Scott Hartnell and loses puck.
13:59 of 2nd period - Andrew MacDonald is hit by Evgeny Kuznetsov and loses puck.
14:08 of 2nd period - Shot by Evgeny Kuznetsov.
14:08 of 2nd period - Stopped by Chad Johnson without a rebound.
14:09 of 2nd period - Adam Henrique wins face-off versus Alexander Killorn in Flyers zone.
14:39 of 2nd period - Minor Penalty to Alexander Killorn for Roughing.
14:40 of 2nd period - Kyle Brodziak wins face-off versus Evgeny Kuznetsov in Flyers zone.
15:37 of 2nd period - Off-side.
15:38 of 2nd period - Adam Henrique wins face-off versus Kyle Brodziak in neutral zone.
17:07 of 2nd period - Shot by Ryan Strome.
17:07 of 2nd period - Shot Misses the Net.
17:51 of 2nd period - Shot by Alex Pietrangelo.
17:51 of 2nd period - Stopped by Chad Johnson without a rebound.
17:52 of 2nd period - Evgeny Kuznetsov wins face-off versus Alexander Killorn in Flyers zone.
17:52 of 2nd period - Minor Penalty to Damon Severson for Roughing.
17:53 of 2nd period - Evgeny Kuznetsov wins face-off versus Calle Jarnkrok in Flyers zone.
18:28 of 2nd period - Shot by Erik Karlsson.
18:28 of 2nd period - Shot Misses the Net.
18:30 of 2nd period - Shot by Matt Duchene.
18:30 of 2nd period - Shot Misses the Net.
18:32 of 2nd period - Shot by Alex Pietrangelo.
18:32 of 2nd period - Stopped by Chad Johnson without a rebound.
18:33 of 2nd period - Adam Henrique wins face-off versus Alexander Killorn in Flyers zone.
18:34 of 2nd period - Shot by Jonathan Marchessault.
18:34 of 2nd period - Shot Blocked by Andrew MacDonald.
18:36 of 2nd period - Shot by Adam Henrique.
18:36 of 2nd period - Shot Blocked by Andrew MacDonald.
18:38 of 2nd period - Shot by Mattias Ekholm.
18:38 of 2nd period - Shot Blocked by Andrew MacDonald.
18:40 of 2nd period - Shot by Mattias Ekholm.
18:40 of 2nd period - Stopped by Chad Johnson without a rebound.
18:41 of 2nd period - Kyle Brodziak wins face-off versus Adam Henrique in Flyers zone.
18:41 of 2nd period - Kyle Brodziak is hit by Chris Kreider.
18:56 of 2nd period - Jonathan Marchessault is hit by Jonathan Ericsson and loses puck.
19:15 of 2nd period - Shot by Chris Kreider.
19:15 of 2nd period - Shot Misses the Net.
19:43 of 2nd period - Calle Jarnkrok is hit by Jonathan Marchessault and loses puck.
Goals for this period are 1 for Flyers vs 1 for Canucks.
Shots for this period are 10 for Flyers vs 10 for Canucks.

3rd period


0:01 of 3rd period - Alexander Killorn wins face-off versus Evgeny Kuznetsov in neutral zone.
0:12 of 3rd period - Shot by Alexander Killorn.
0:12 of 3rd period - Stopped by Devan Dubnyk with a rebound.
0:36 of 3rd period - Shot by Alexander Killorn.
0:36 of 3rd period - Shot Misses the Net.
0:58 of 3rd period - Shot by Jonathan Marchessault.
0:58 of 3rd period - Shot Misses the Net.
1:00 of 3rd period - Shot by Adam Henrique.
1:00 of 3rd period - Shot Misses the Net.
3:10 of 3rd period - Icing by Andre Burakovsky.
3:11 of 3rd period - Alexander Killorn wins face-off versus Evgeny Kuznetsov in Flyers zone.
3:30 of 3rd period - Shot by Josh Ho-Sang.
3:30 of 3rd period - Deflect By Andre Burakovsky.
3:30 of 3rd period - Stopped by Devan Dubnyk without a rebound.
3:31 of 3rd period - Brayden Point wins face-off versus Bo Horvat in Canucks zone.
4:27 of 3rd period - Shot by Alexander Killorn.
4:27 of 3rd period - Stopped by Devan Dubnyk with a rebound.
4:29 of 3rd period - Shot by Jonathan Ericsson.
4:29 of 3rd period - Shot Blocked by Alex Petrovic.
4:31 of 3rd period - Shot by Andre Burakovsky.
4:31 of 3rd period - Stopped by Devan Dubnyk without a rebound.
4:32 of 3rd period - Patrick Marleau wins face-off versus Bo Horvat in Canucks zone.
4:37 of 3rd period - Thomas Vanek is hit by Patrick Marleau and loses puck.
5:46 of 3rd period - Icing by Ben Hutton.
5:47 of 3rd period - Alexander Killorn wins face-off versus Marcus Kruger in Flyers zone.
6:05 of 3rd period - Shot by Robby Fabbri.
6:05 of 3rd period - Stopped by Chad Johnson with a rebound.
6:30 of 3rd period - Icing by Alexander Killorn.
6:31 of 3rd period - Alexander Killorn wins face-off versus Brayden Point in Flyers zone.
6:36 of 3rd period - Ryan Strome is hit by Alexander Killorn and loses puck.
7:12 of 3rd period - Off-side.
7:13 of 3rd period - Bo Horvat wins face-off versus Evgeny Kuznetsov in neutral zone.
8:31 of 3rd period - Shot by Joel Ward.
8:31 of 3rd period - Shot Blocked by Mattias Ekholm.
8:42 of 3rd period - Icing by Mattias Ekholm.
8:43 of 3rd period - Bo Horvat wins face-off versus Adam Henrique in Canucks zone.
9:00 of 3rd period - Shot by Chris Kreider.
9:00 of 3rd period - Shot Misses the Net.
9:12 of 3rd period - Shot by Bo Horvat.
9:12 of 3rd period - Stopped by Devan Dubnyk without a rebound.
9:13 of 3rd period - Alexander Killorn wins face-off versus Brayden Point in Canucks zone.
9:28 of 3rd period - Shot by Kyle Brodziak.
9:28 of 3rd period - Shot Misses the Net.
9:30 of 3rd period - Shot by Matt Benning.
9:30 of 3rd period - Stopped by Devan Dubnyk without a rebound.
9:31 of 3rd period - Marcus Kruger wins face-off versus Casey Cizikas in Canucks zone.
9:44 of 3rd period - Shot by Robby Fabbri.
9:44 of 3rd period - Stopped by Chad Johnson without a rebound.
9:45 of 3rd period - Brayden Point wins face-off versus Alexander Killorn in Flyers zone.
9:56 of 3rd period - Shot by Evander Kane.
9:56 of 3rd period - Shot Blocked by Jonathan Ericsson.
9:58 of 3rd period - Shot by Mattias Ekholm.
9:58 of 3rd period - Stopped by Chad Johnson without a rebound.
9:59 of 3rd period - Casey Cizikas wins face-off versus Evgeny Kuznetsov in Flyers zone.
10:44 of 3rd period - Matt Duchene is hit by Jonathan Ericsson and loses puck.
11:16 of 3rd period - Shot by Scott Hartnell.
11:16 of 3rd period - Stopped by Devan Dubnyk without a rebound.
11:17 of 3rd period - Adam Henrique wins face-off versus Alexander Killorn in Canucks zone.
11:17 of 3rd period - Adam Henrique is hit by Alexander Killorn.
11:44 of 3rd period - Shot by Josh Ho-Sang.
11:44 of 3rd period - Shot Misses the Net.
11:50 of 3rd period - Mattias Ekholm is hit by Alexander Killorn and loses puck.
13:17 of 3rd period - Brayden Point is hit by Jonathan Ericsson and loses puck.
13:25 of 3rd period - Icing by Calle Jarnkrok.
13:26 of 3rd period - Marcus Kruger wins face-off versus Casey Cizikas in Flyers zone.
13:31 of 3rd period - Shot by Logan Shaw.
13:31 of 3rd period - Shot Misses the Net.
13:41 of 3rd period - Casey Cizikas is hit by Marcus Kruger and loses puck.
14:21 of 3rd period - Shot by Patrick Marleau.
14:21 of 3rd period - Shot Misses the Net.
14:23 of 3rd period - Shot by Matt Duchene.
14:23 of 3rd period - Stopped by Chad Johnson with a rebound.
14:25 of 3rd period - Shot by Cody Ceci.
14:25 of 3rd period - Shot Blocked by Alexander Killorn.
14:27 of 3rd period - Shot by Cody Ceci.
14:27 of 3rd period - Shot Misses the Net.
14:29 of 3rd period - Shot by Matt Duchene.
14:29 of 3rd period - Stopped by Chad Johnson without a rebound.
14:30 of 3rd period - Bo Horvat wins face-off versus Ryan Strome in Flyers zone.
14:35 of 3rd period - Ryan Strome is hit by Scott Hartnell and loses puck.
14:46 of 3rd period - Icing by Scott Hartnell.
14:47 of 3rd period - Evgeny Kuznetsov wins face-off versus Bo Horvat in Flyers zone.
15:48 of 3rd period - Icing by Cody Ceci.
15:49 of 3rd period - Adam Henrique wins face-off versus Alexander Killorn in Canucks zone.
15:56 of 3rd period - Shot by Jonathan Marchessault.
15:56 of 3rd period - Shot Blocked by Damon Severson.
16:02 of 3rd period - Shot by Adam Henrique.
16:02 of 3rd period - Stopped by Chad Johnson without a rebound.
16:03 of 3rd period - Casey Cizikas wins face-off versus Brayden Point in Flyers zone.
16:08 of 3rd period - Shot by Joel Ward.
16:08 of 3rd period - Shot Misses the Net.
16:30 of 3rd period - Shot by Evander Kane.
16:30 of 3rd period - Goal by Evander Kane - Flyers : 2 - Canucks : 4.
16:31 of 3rd period - Adam Henrique wins face-off versus Alexander Killorn in neutral zone.
16:39 of 3rd period - Andre Burakovsky is hit by Jonathan Marchessault and loses puck.
17:02 of 3rd period - Shot by Jonathan Marchessault.
17:02 of 3rd period - Shot Misses the Net.
17:09 of 3rd period - Icing by Jonathan Ericsson.
17:10 of 3rd period - Matt Duchene wins face-off versus Alexander Killorn in Flyers zone.
17:35 of 3rd period - Shot by Evgeny Kuznetsov.
17:35 of 3rd period - Stopped by Chad Johnson without a rebound.
17:36 of 3rd period - Bo Horvat wins face-off versus Brayden Point in Flyers zone.
17:36 of 3rd period - Bo Horvat is hit by Evander Kane.
18:08 of 3rd period - Shot by Bo Horvat.
18:08 of 3rd period - Stopped by Devan Dubnyk without a rebound.
18:09 of 3rd period - Casey Cizikas wins face-off versus Jonathan Marchessault in Canucks zone.
18:09 of 3rd period - Joel Ward is hit by Cody Ceci and loses puck.
18:27 of 3rd period - Adam Henrique is hit by Matt Benning and loses puck.
18:56 of 3rd period - Icing by Matt Benning.
18:57 of 3rd period - Evgeny Kuznetsov wins face-off versus Casey Cizikas in Flyers zone.
19:08 of 3rd period - Shot by Evgeny Kuznetsov.
19:08 of 3rd period - Shot Blocked by Casey Cizikas.
Goals for this period are 0 for Flyers vs 1 for Canucks.
Shots for this period are 8 for Flyers vs 8 for Canucks.